AoeStats
← Bear&Jerry's

Arena

504470840Analyzed
3v3 RM · 26d ago on Sep 5, 2026· 58m 19s· 6 players
Game mode
Random Map
Map size
Normal (6 player)
Population
200
Speed
Normal
Resources
Standard
Victory
Conquest
Starting age
Dark Age
Ending age
Imperial Age
RankedLock teamsTeams togetherTeam positionsShared explorationLock speedFull tech treeHidden civsTurbo modeCheats
Victory
Defeat
🇦🇷 Armenians · Argentina
1084
+13
🇦🇷 Poles · Argentina
1025
+16
🇩🇰 Vietnamese · Denmark
1004
+16
🇩🇪 Bulgarians · Germany
1039
-16
🇦🇷 Saracens · Argentina
1011
-15
🇦🇺 Malians · Australia
1002
-14
Sobelix
10:22 Feudal Age
10:59 Double-Bit Axe
15:52 Castle Age
14:18 Horse Collar
15:21 Stone Mining
15:37 Gold Mining
17:50 Fervor
21:30 Bow Saw
21:40 Loom
23:30 Bloodlines
24:54 Wheelbarrow
25:50 Town Watch
29:21 Imperial Age
27:48 Heavy Plow
28:18 Scale Barding Armor
28:27 Forging
29:29 Husbandry
30:29 Conscription
29:35 Heavy Camel Rider
29:39 Light Cavalry
30:49 Hand Cart
32:28 Chemistry
31:50 Ballistics
32:55 Iron Casting
33:49 Two-Man Saw
33:13 Chain Barding Armor
34:25 Masonry
35:30 Murder Holes
35:43 Siege Engineers
Bear&Jerry's
4:31 Loom
12:29 Feudal Age
16:32 Castle Age
14:41 Double-Bit Axe
16:00 Horse Collar
17:40 Wheelbarrow
17:38 Heavy Plow
17:51 Bow Saw
22:07 Hand Cart
25:47 Gold Mining
29:26 Imperial Age
26:52 Stone Mining
28:16 Gold Shaft Mining
28:20 Stone Shaft Mining
28:05 Scale Barding Armor
28:15 Forging
29:08 Scale Mail Armor
29:44 Iron Casting
29:45 Squires
30:06 Chain Mail Armor
30:07 Arson
32:09 Blast Furnace
31:40 Plate Mail Armor
31:04 Gambesons
31:56 Masonry
32:01 Scale Barding Armor
31:47 Fletching
31:48 Town Watch
34:17 Bodkin Arrow
34:43 Chain Barding Armor
34:59 Conscription
35:17 Bagains
35:20 Bracer
35:56 Plate Barding Armor
36:09 Stirrups
35:35 Elite Konnik
38:54 Bloodlines
38:45 Husbandry
38:42 Light Cavalry
39:13 Cavalier
40:29 Padded Archer Armor
41:30 Hussar
46:27 Heavy Scorpion
Azure Dream
0:28 Loom
11:00 Feudal Age
12:12 Double-Bit Axe
13:19 Wheelbarrow
15:46 Gold Mining
15:46 Horse Collar
18:35 Castle Age
16:55 Stone Mining
17:39 Fletching
19:51 Gold Shaft Mining
20:09 Husbandry
20:45 Bow Saw
21:16 Heavy Plow
25:39 Light Cavalry
25:41 Pikeman
28:11 Stone Shaft Mining
29:38 Thumb Ring
30:02 Bloodlines
30:18 Hand Cart
30:08 Padded Archer Armor
34:31 Imperial Age
31:50 Town Watch
32:22 Bodkin Arrow
33:40 Leather Archer Armor
33:36 Forging
33:32 Scale Barding Armor
33:34 Squires
33:39 Scale Mail Armor
35:14 Chain Barding Armor
35:26 Town Patrol
35:58 Crop Rotation
36:02 Ring Archer Armor
36:09 Conscription
36:45 Ballistics
37:12 Iron Casting
37:20 Plate Barding Armor
39:12 Heavy Cavalry Archer
40:56 Chemistry
42:34 Farimba
43:20 Cavalier
43:22 Heavy Camel Rider
43:27 Elite Gbeto
44:24 Chain Mail Armor
49:23 Arson
facumastandrea
11:59 Feudal Age
12:23 Loom
13:07 Double-Bit Axe
16:00 Castle Age
13:53 Horse Collar
23:22 Heavy Plow
23:36 Gold Mining
25:00 Stone Mining
25:58 Bow Saw
26:58 Wheelbarrow
26:09 Town Watch
30:13 Imperial Age
28:26 Fervor
28:43 Sanctity
28:27 Scale Mail Armor
28:37 Forging
29:22 Hand Cart
29:09 Town Patrol
29:01 Gambesons
29:19 Squires
29:04 Arson
28:40 Man-at-Arms
30:28 Chain Mail Armor
31:00 Iron Casting
31:03 Long Swordsman
32:23 Plate Mail Armor
32:25 Fereters
32:41 Conscription
33:32 Blast Furnace
31:54 Two-Handed Swordsman
33:21 Gold Shaft Mining
32:48 Champion
35:39 Fletching
36:52 Bodkin Arrow
41:33 Ballistics
41:24 Fortified Wall
42:15 Chemistry
41:26 Masonry
41:12 Murder Holes
41:57 Coinage
41:34 Bracer
MAGICO
12:33 Feudal Age
18:09 Castle Age
16:19 Horse Collar
26:01 Imperial Age
25:16 Double-Bit Axe
27:53 Wheelbarrow
28:25 Gold Mining
28:18 Capped Ram
30:14 Fortified Wall
31:07 Ballistics
31:44 Hand Cart
31:28 Arson
31:44 Squires
32:55 Chemistry
32:02 Scale Mail Armor
32:45 Heavy Plow
33:33 Forging
36:11 Siege Ram
37:38 Bow Saw
38:37 Chain Mail Armor
39:34 Iron Casting
41:07 Murder Holes
42:23 Fletching
42:34 Padded Archer Armor
42:38 Elite Skirmisher
43:26 Thumb Ring
45:56 Imperial Skirmisher
Nacho
3:19 Loom
12:02 Feudal Age
14:44 Loom
17:29 Castle Age
15:35 Double-Bit Axe
16:16 Horse Collar
20:13 Bloodlines
22:22 Bow Saw
22:51 Fletching
23:38 Padded Archer Armor
24:10 Heavy Plow
24:45 Leather Archer Armor
28:09 Bodkin Arrow
33:33 Imperial Age
32:15 Gold Mining
34:01 Fortified Wall
35:57 Bracer
36:55 Ring Archer Armor
38:37 Ballistics
39:17 Chemistry
39:40 Forging
43:18 Scale Barding Armor
43:33 Stone Mining
48:32 Two-Man Saw
48:03 Crop Rotation
48:14 Wheelbarrow
47:54 Elite Rattan Archer
49:47 Chain Barding Armor
49:49 Hand Cart
51:41 Stone Shaft Mining
59:06 Paper Money
Connection lost

Rejoining the realm…

Still unreachable

The connection could not be restored.

Session expired

The server has moved on; the page needs a fresh start.